 Dungeon Crawl Stone Soup version 0.17-a0-18-gc25b939 (console) character file.

235 Monkaria the Ruffian (level 5, -4/54 HPs)
             Began as a Troll Abyssal Knight on Mar 9, 2015.
             Was a Believer of Lugonu.
             Killed from afar by an orc wizard (7 damage)
             ... with a puff of flame
             ... on level 4 of the Dungeon.
             The game lasted 00:05:03 (2279 turns).

Monkaria the Ruffian (Troll Abyssal Knight)         Turns: 2279, Time: 00:05:03

Health: -4/54      AC:  5    Str: 21    XL:     5   Next: 76%
Magic:  3/3        EV: 12    Int:  8    God:    Lugonu [**....]
Gold:   192        SH:  0    Dex:  9    Spells: 0 memorised, 4 levels left

rFire  . . .     SeeInvis .     u - +2 trident (venom)
rCold  . . .     Clarity  .     b - +0 robe
rNeg   . . .     SustAb   .     (shield restricted)
rPois  .         Gourm    +     (helmet restricted)
rElec  .         Spirit   .     (no cloak)
rCorr  .         Warding  .     (gloves unavailable)
rMut   .         Stasis   .     (boots unavailable)
MR     .....                    (no amulet)
Stlth  +.........               (no ring)
                                l - +3 ring of evasion

@: not resistant to hostile enchantments, very unstealthy
A: unfitting armour, claws 3, fast metabolism 3, gourmand, regeneration 2,
shaggy fur 1, tough skin 2
a: Depart the Abyss, Bend Space, Renounce Religion


You were on level 4 of the Dungeon.
You worshipped Lugonu.
Lugonu was pleased with you.
You were completely stuffed.

You visited 1 branch of the dungeon, and saw 4 of its levels.
You visited the Abyss 1 time.

You collected 192 gold pieces.

Inventory:

Hand weapons
 u - a +2 trident of venom (weapon)
Armour
 b - a +0 robe (worn)
Magical staves
 r - an uncursed staff of earth
Jewellery
 l - a +3 ring of evasion (left claw)
 p - an uncursed ring of ice
 q - an uncursed ring of ice
Scrolls
 c - 4 scrolls of identify
 e - 2 scrolls of enchant weapon
 h - 5 scrolls of blinking
 i - a scroll of amnesia
 n - a scroll of enchant armour {unknown}
Potions
 d - a potion of curing
 f - a potion of magic
 g - 2 potions of heal wounds
 s - a potion of brilliance {unknown}
 t - a potion of mutation {unknown}
Books
 j - a book of Cantrips

   Spells                             Type                      Level
   a - Corona                         Hexes                        1
   b - Animate Skeleton               Necromancy                   1
   c - Summon Small Mammal            Summoning                    1
   d - Apportation                    Translocation                1
 k - a book of the Warp

   Spells                             Type                      Level
   a - Recall                         Summoning/Translocation      3
   b - Control Teleport               Charms/Translocation         4
   c - Force Lance                    Conjuration/Translocation    4
   d - Phase Shift                    Translocation                5
   e - Warp Weapon                    Charms/Translocation         5
   f - Gell's Gravitas                Hexes/Translocation          5
   g - Summon Forest                  Summoning/Translocation      5
Comestibles
 a - 2 meat rations
 m - 3 bread rations
 o - 2 chunks of flesh


   Skills:
 - Level 4.0 Fighting
 - Level 1.5 Armour
 - Level 0.7 Dodging
 + Level 4.6 Unarmed Combat
 - Level 1.5 Invocations


You had 4 spell levels left.
You didn't know any spells.

Dungeon Overview and Level Annotations

Branches:
Dungeon (4/15)
 Temple: D:4-7

Altars:
The Shining One


Innate Abilities, Weirdness & Mutations

You are too large for most types of armour.
You have claws for hands.
Your metabolism is lightning-fast.
You like to eat raw meat.
You heal very quickly.
You are covered in fur (AC +1).
You have very tough skin (AC +2).


Message History

You completely miss the orc priest.
You kill the orc priest!
Lugonu accepts your kill.
You hear some strange, mumbled words.
The magic dart hits you!
* * * LOW HITPOINT WARNING * * *
The orc priest hits you but does no damage.
You hear some strange, mumbled words.
The puff of frost hits you!
* * * LOW HITPOINT WARNING * * *
You hit the orc priest.
The orc priest is poisoned.
The orc priest is moderately wounded.
Something hits you.
* * * LOW HITPOINT WARNING * * *
The orc priest calls down the wrath of Beogh upon you.
You barely resist.
You hear some strange, mumbled words.
A puff of flame appears from out of thin air!
The puff of flame hits you!
You die...

## .. .. #.
#. ##.###o
.......o###
#....{@)#
#######.#
#.# #.#
#.####
#....#
####.# #.#
######.#


You could see an orc priest and an orc.

Vanquished Creatures
  2 orc priests (D:4)
  Ijyb (D:3)
  4 gnolls (D:3)
  5 adders
  3 worms (D:2)
  4 giant geckos
  2 oozes
  7 giant cockroaches
  4 goblins
  3 hobgoblins
  5 jackals
  A quokka (D:2)
  7 bats
  A giant newt (D:2)
  7 kobolds
  7 rats
63 creatures vanquished.

Notes
Turn   | Place    | Note
--------------------------------------------------------------
     0 | Abyss:1  | Monkaria, the Troll Abyssal Knight, began the quest for the Orb.
     0 | Abyss:1  | Reached XP level 1. HP: 22/22 MP: 1/1
    12 | D:1      | Escaped the Abyss
   247 | D:1      | Reached XP level 2. HP: 29/29 MP: 1/1
   313 | D:1      | Found a glowing golden altar of the Shining One.
   323 | D:1      | Reached skill level 3 in Fighting
   715 | D:2      | Reached XP level 3. HP: 32/37 MP: 2/2
  1288 | D:2      | Acquired Lugonu's second power
  1330 | D:2      | Reached skill level 4 in Fighting
  1347 | D:2      | Reached XP level 4. HP: 48/48 MP: 2/2
  1838 | D:3      | Noticed Ijyb
  1852 | D:3      | Killed Ijyb
  2192 | D:3      | Reached XP level 5. HP: 54/54 MP: 3/3
  2279 | D:4      | Killed from afar by an orc wizard

Action                   |  1- 3 |  4- 6 || total
-------------------------+-------+-------++-------
Melee: Unarmed           |   103 |    71 ||   174
       Trident           |       |    21 ||    21
  Use: Scroll            |       |    11 ||    11
 Stab: Sleeping          |     1 |       ||     1
  Eat: Chunk             |    12 |    10 ||    22
       Bread ration      |     1 |       ||     1
